 Dungeon Crawl Stone Soup version 0.29-a0-517-gbdf32494f2 (webtiles) character file.

Game seed: 4374627307141867834

7221 NateTC the Grappler (level 10, 0/100 HPs)
             Began as a Troll Transmuter on May 30, 2022.
             Slain by a shadow (19 damage)
             ... on level 9 of the Dungeon.
             The game lasted 00:29:07 (8997 turns).

NateTC the Grappler (Troll Transmuter)              Turns: 8997, Time: 00:29:08

Health: 0/100      AC:  8    Str: 22    XL:     10   Next: 87%
Magic:  10/10      EV: 14    Int: 11    God:
Gold:   488        SH: 14    Dex: 10    Spells: 8/11 levels left

rFire   . . .      SeeInvis .     - Unarmed
rCold   . . .      Faith    .   q - +1 tower shield
rNeg    . . .      Spirit   .   c - +0 acid dragon scales
rPois   .          Reflect  .   (helmet currently unavailable)
rElec   .          Harm     .   (no cloak)
rCorr   +          Rampage  .   (gloves unavailable)
Will    .....                   (boots unavailable)
Stlth   +.........              y - amulet of magic regeneration
HPRegen 1.06/turn               k - +4 ring of evasion
MPRegen 0.52/turn               t - +4 ring of evasion

@: appendages, hasted, very quick
A: horns 2, talons 2, large, unfitting armour, claws 3, regeneration 1, shaggy
fur 1, tough skin 1
a: End Transformation


You were on level 9 of the Dungeon.
You had temporarily grown beastly horns and talons.
You visited 2 branches of the dungeon, and saw 10 of its levels.

You collected 537 gold pieces.
You spent 49 gold pieces at shops.

Inventory:

Missiles
 u - 2 throwing nets
Armour
 c - +0 acid dragon scales (worn)
 q - a +1 tower shield (worn)
Jewellery
 k - a +4 ring of evasion (left claw)
 r - a ring of poison resistance
 t - a +4 ring of evasion (right claw)
 w - a ring of see invisible
 y - an amulet of magic regeneration (around neck)
 z - a +6 ring of intelligence
Wands
 j - a wand of iceblast (14)
 m - a wand of mindburst (22)
Scrolls
 e - 7 scrolls of fog
 h - 5 scrolls of teleportation
 p - a scroll of silence
 s - 2 scrolls of identify
 v - a scroll of magic mapping
 A - a scroll of enchant armour
Potions
 a - 4 potions of curing
 b - 2 potions of lignification
 d - 3 potions of attraction
 f - a potion of haste
 g - 2 potions of brilliance
 i - a potion of might
 l - 2 potions of heal wounds
 n - 3 potions of mutation
 o - 2 potions of magic
 x - a potion of cancellation


   Skills:
 - Level 6.7 Fighting
 - Level 1.5 Dodging
 - Level 7.2 Shields
 * Level 10.8 Unarmed Combat
 - Level 1.2 Spellcasting
 * Level 5.4 Transmutations


You had 8 spell levels left.
You knew the following spells:

 Your Spells              Type           Power      Damage    Failure   Level
a - Beastly Appendage     Tmut           24%        N/A       22%         1
b - Wereblood             Tmut           12%        N/A       32%         2

Your spell library contained the following spells:

 Spells                   Type           Power      Damage    Failure   Level
 Passwall                 Tmut/Erth      5%         N/A       71%         2
 Spider Form              Tmut/Pois      6%         N/A       90%         3
 Ensorcelled Hibernation  Hex/Ice        0%         N/A       97%         2
 Gell's Gravitas          Tloc           0%         N/A       99%         3
 Stone Arrow              Conj/Erth      0%         3d7       99%         3
 Summon Guardian Golem    Hex/Summ       0%         N/A       99%         3
 Swiftness                Air            0%         N/A       99%         3
 Teleport Other           Tloc           0%         N/A       99%         3
 Animate Armour           Summ/Erth      0%         N/A       100%        4
 Fulminant Prism          Conj/Hex       0%         3d6       100%        4
 Ice Form                 Ice/Tmut       6%         N/A       100%        4
 Iskenderun's Mystic Bla  Conj/Tloc      0%         2d3       100%        4
 Iskenderun's Battlesphe  Conj           0%         2d6       100%        5
 Lee's Rapid Deconstruct  Erth           0%         3d5*      100%        5
 Dispersal                Tloc           0%         N/A       100%        6
 Iron Shot                Conj/Erth      0%         9d1       100%        6
 Orb of Destruction       Conj           0%         9d5       100%        7
 Spellforged Servitor     Conj/Summ      0%         N/A       100%        7
 Lehudib's Crystal Spear  Conj/Erth      0%         10d2      100%        8


Dungeon Overview and Level Annotations

Branches:
Dungeon (9/15)             Temple (1/1) D:7
   Lair: D:8-11         Orc: D:9-12

Altars:
Ashenzari
Dithmenos
Elyvilon
Fedhas
Gozag
Hepliaklqana
Kikubaaqudgha
Nemelex Xobeh
Okawaru
Qazlal
Ru
Sif Muna
Trog
Uskayaw
Vehumet
Wu Jian
Xom
Yredelemnul
Zin
The Shining One

Shops:
D:3 !(?:*   D:5 *   D:6 =

Annotations:
D:3 2 transporters, xian's ghost, weakling VSEE


Innate Abilities, Weirdness & Mutations

You have temporarily grown beastly horns and talons.
You are too large for most types of armour.
You have claws for hands.
Your natural rate of healing is unusually fast.
You are covered in fur. (AC +1)
You have tough skin. (AC +1)


Message History

* * * LOW HITPOINT WARNING * * *
You block the shadow's attack.
You scratch the shadow. Your headbutt misses the shadow.
The shadow is moderately damaged.
The orc warrior closely misses you. You block the shadow's attack.
You block the orc warrior's attack.
The kobold brigand throws a curare-tipped dart.
The curare-tipped dart completely misses you.
You scratch the shadow but do no damage.
You claw the shadow.
The shadow is heavily damaged.
You block the shadow's attack.
The orc warrior hits you from afar with a +0 halberd!
* * * LOW HITPOINT WARNING * * *
You scratch the kobold brigand but do no damage.
Your kick misses the kobold brigand. The shadow hits you.
* * * LOW HITPOINT WARNING * * *
A kobold comes into view. It is wielding a +0 dagger.
The kobold brigand misses you. You block the orc warrior's attack.
The kobold shouts!
You claw the kobold brigand! You claw the kobold brigand.
You headbutt the kobold brigand, but do no damage.
The kobold brigand is heavily wounded.
You hear a shout!
You block the shadow's attack.
A kobold comes into view. It is wielding a +0 club.
The kobold brigand hits you but does no damage.
The orc warrior misses you.
The kobold shouts!
You mangle the kobold brigand!!
You kill the kobold brigand!
The shadow hits you. You block the orc warrior's attack.
The shadow slips into darkness.
The shadow flickers and vanishes!
Deactivating autopickup; reactivate with Ctrl-A.
You feel yourself speed up.
A kobold comes into view. It is wielding a +0 short sword.
The kobold throws a stone.
You block the stone. The orc warrior misses you.
The shadow strikes at you from the darkness!
You die...

.##.########.##.# ...
....##.........K##....
...รท##.............#
..........###.KK####
.#.#.....<# #...#
...#.....## #...# ###
####.....# #...# #....
#.....# #..)####......
####.....#
#...@{.)......
..########
######o#...... #.# #o#
..... ..#


#ho .... ..# .... ... ### .P... .. ...... . #....... You could see an orc
warrior and 3 kobolds.

Vanquished Creatures
  A two-headed ogre (D:7)
  Joseph (D:8)
  15 yaks
  A steam dragon (D:6)
  A water moccasin (D:6)
  An acid dragon (D:7)
  2 sky beasts
  2 orc warriors
  3 black bears (D:9)
  3 centaurs
  An ogre (D:6)
  6 bullfrogs
  2 kobold brigands
  A necrophage (D:6)
  2 gnoll sergeants (D:7)
  3 scorpions
  13 wights
  3 killer bees (D:9)
  3 howler monkeys
  6 hounds
  2 jellies (D:6)
  7 orc priests
  7 orc wizards
  4 iguanas
  6 gnolls (D:7)
  9 adders
  3 shadow imps (D:7)
  4 white imps
  2 worms (D:3)
  3 dart slugs
  36 orcs
  6 endoplasms
  5 giant cockroaches
  A goblin (D:1)
  6 hobgoblins
  2 jackals (D:1)
  8 quokkas
  7 ball pythons
  6 bats
  5 frilled lizards
  11 kobolds
  3 rats (D:1)
213 creatures vanquished.

Vanquished Creatures (others)
  49 fungi
  41 plants (D:9)
90 creatures vanquished.

Grand Total: 303 creatures vanquished

Notes
Turn   | Place    | Note
-------+----------+-------------------------------------------
     0 | D:1      | NateTC the Troll Transmuter began the quest for the Orb.
     0 | D:1      | Reached XP level 1. HP: 18/18 MP: 1/1
    89 | D:1      | Reached XP level 2. HP: 24/26 MP: 0/2
   247 | D:1      | Found a faded altar of an unknown god.
   263 | D:1      | Learned a level 2 spell: Wereblood
   507 | D:1      | Reached skill level 4 in Unarmed Combat
   890 | D:2      | Reached XP level 3. HP: 32/32 MP: 1/3
  1612 | D:2      | Reached XP level 4. HP: 39/40 MP: 2/4
  1748 | D:3      | Found a bloodstained altar of Trog.
  1773 | D:3      | Reached skill level 5 in Unarmed Combat
  1791 | D:3      | Found Pomi's Weapon Shoppe.
  1866 | D:3      | Reached XP level 5. HP: 39/46 MP: 3/5
  2016 | D:3      | Found Oxuz's Assorted Antiques.
  2132 | D:3      | Found a transporter.
  2134 | D:3      | Noticed xian's ghost (weakling VSEE)
  2143 | D:3      | Found a transporter.
  2198 | D:3      | Found a glowing golden altar of the Shining One.
  2348 | D:3      | Found Zutwy's Magic Scroll Shoppe.
  2379 | D:3      | Found Rebb's Book Shop.
  2590 | D:3      | Found Owoifit's Distillery.
  2880 | D:4      | Found an ornate altar of the Wu Jian Council.
  2920 | D:4      | Found an ancient bone altar of Kikubaaqudgha.
  2940 | D:4      | Found a shimmering altar of Xom.
  3162 | D:5      | Entered Level 5 of the Dungeon
  3272 | D:5      | Reached skill level 6 in Unarmed Combat
  3281 | D:5      | Reached XP level 6. HP: 43/54 MP: 1/6
  3634 | D:5      | Found the +7 staff of the Meek {protect, meekguard}
  3674 | D:5      | Reached skill level 1 in Fighting
  3677 | D:5      | Reached XP level 7. HP: 43/62 MP: 5/7
  3749 | D:5      | Found a sparkling altar of Nemelex Xobeh.
  3777 | D:5      | Reached skill level 7 in Unarmed Combat
  3782 | D:5      | HP: 3/62 [orc/+0 club (3)]
  4083 | D:5      | Found Eqest's Mass Market.
  4091 | D:5      | Bought a +0 tower shield for 49 gold pieces
  5070 | D:6      | Reached XP level 8. HP: 72/79 MP: 4/8
  5176 | D:6      | Found Kifocsur's Jewellery Shoppe.
  5232 | D:6      | Reached skill level 5 in Fighting
  5954 | D:6      | Reached skill level 1 in Shields
  6394 | D:7      | Reached XP level 9. HP: 79/92 MP: 9/9
  6868 | D:7      | Reached skill level 5 in Shields
  6929 | D:7      | Found a glowing silver altar of Zin.
  7015 | D:7      | Noticed a two-headed ogre
  7022 | D:7      | Killed a two-headed ogre
  7095 | D:7      | Found a hide-covered altar of Uskayaw.
  7458 | D:7      | Found a staircase to the Ecumenical Temple.
  7467 | Temple   | Entered the Ecumenical Temple
  7557 | D:7      | Found a hazy altar of Hepliaklqana.
  7935 | D:8      | Found a sacrificial altar of Ru.
  7950 | D:8      | Reached skill level 8 in Unarmed Combat
  7965 | D:8      | Reached XP level 10. HP: 70/100 MP: 10/10
  7976 | D:8      | Reached skill level 9 in Unarmed Combat
  8403 | D:8      | Noticed Joseph
  8414 | D:8      | Killed Joseph
  8691 | D:9      | Reached skill level 10 in Unarmed Combat
  8719 | D:9      | HP: 5/100 [yak (9)]
  8961 | D:9      | Reached skill level 5 in Transmutations
  8997 | D:9      | Slain by a shadow

Illustrated notes

Levels and vault maps discovered:
D:1:      ncdulo_smallfort, layout_basic, shapermc_ecumenical_altar_venn,
          minmay_circled_x
D:2:      layout_basic
D:3:      layout_loops_ring, mainiacjoe_overflow_tiny_flanked,
          mainiacjoe_overflow_paths, serial_shops, shop_statue,
          nicolae_shop_temple_entry_statues_fountains, nicolae_shop_trees,
          nicolae_shop_advertising_works [nicolae_subvault_shop_adworks],
          nicolae_shop_stone, gammafunk_ghost_arena, st_stairs_1,
          grunt_ministairs_6, minmay_misc_feat_square,
          corexii_item_surrounded_by_moat, minmay_misc_feat_doors
D:4:      layout_rooms, mainiacjoe_overflow_alcove_4,
          mainiacjoe_overflow_24_doors, lemuel_tele_altar
D:5:      layout_basic, nemelex_altar_shiori, amcnicky_mini_corridor_feature,
          minmay_shop_mass
D:6:      layout_basic, serial_co_window_serial, co_window_corner_a,
          co_window_of_opportunity_a, co_window_paths_a, co_window_paths_b,
          co_window_paths_a, co_window_broadway_a, co_window_of_opportunity_b,
          co_window_unsneaky_path_e, co_window_broadway_c, glass_columns_b,
          glass_columns_b, serial_shops, nicolae_shop_statue_plus
D:7:      kennysheep_six_static_rooms, layout_cave_pods,
          mainiacjoe_overflow_catwalk, mainiacjoe_overflow_small_starburst,
          lemuel_crystal_altar, minmay_temple_entry_wispy
D:8:      layout_basic, nicolae_ru_sacrificial_ziggurat,
          minmay_sticks_and_stones
D:9:      layout_basic, mainiacjoe_overflow_brackets,
          due_lair_maze_entry_diamond, kennysheep_generic_room_3
Temple:   eino_wide_crystal_templ

Skill      XL: |  1  2  3  4  5  6  7  8  9 10 |
---------------+-------------------------------+-----
Unarmed Combat | 4 5 6 7 8 10 | 10.8
Transmutations | 2 3 5 |  5.4
Fighting       | 1 4 6 |  6.7
Shields        | 3 7 |  7.2
Dodging        | |  1.5
Spellcasting   | |  1.2

Action                   |  1- 3 |  4- 6 |  7- 9 | 10-12 || total
-------------------------+-------+-------+-------+-------++-------
Melee: Unarmed           |    82 |   171 |   218 |   167 ||   638
       Kick              |    10 |    28 |    36 |    37 ||   111
       Headbutt          |     9 |    15 |    19 |    23 ||    66
       Punch             |     2 |       |       |       ||     2
 Cast: Beastly Appendage |    26 |    36 |    31 |    14 ||   107
       Wereblood         |       |     1 |       |       ||     1
  Use: Scroll            |     7 |     7 |     8 |       ||    22
       Potion            |       |       |       |     1 ||     1
Armor: Robe              |    40 |       |       |       ||    40
       Acid dragon scale |    18 |   104 |    60 |    30 ||   212
Dodge: Dodged            |    46 |   102 |   117 |    88 ||   353
Block: Tower shield      |       |       |   188 |   187 ||   375

Table legend: (Time is in decaauts)
 A = Elapsed time spent in this place.
 B = Non-inter-level travel time spent in this place.
 C = Inter-level travel time spent in this place.
 D = Time resting spent in this place.
 E = Time spent auto-exploring this place.
 F = Levels seen in this place.
 G = Mean time per level.
                   A        B        C        D        E       F      G
               +--------+--------+--------+--------+--------+-----+--------+
         Total |   9012 |   8666 |    346 |   1047 |   4312 |  10 |  901.2 |
       Dungeon |   8960 |   8622 |    338 |   1047 |   4277 |   9 |  995.6 |
        Temple |     51 |     43 |      8 |      0 |     35 |   1 |   51.0 |
               +--------+--------+--------+--------+--------+-----+--------+

Top non-repeatable levels by time:
     D:6: 1844 daAuts
     D:7: 1370 daAuts
     D:5: 1351 daAuts
     D:3: 953 daAuts
     D:8: 913 daAuts
     D:1: 877 daAuts
     D:2: 862 daAuts
     D:4: 449 daAuts
     D:9: 337 daAuts
  Temple: 51 daAuts
